 Dungeon Crawl Stone Soup version 0.27-a0-906-g0a00ce863d (webtiles) character file.

Game seed: 11446996723904983530

64 robertstho the Ruffian (level 3, 0/36 HPs)
             Began as a Troll Berserker on Apr 6, 2021.
             Was a Believer of Trog.
             Slain by an orc
             ... wielding a +0 mace
              (3 damage)
             ... on level 3 of the Dungeon.
             The game lasted 00:01:48 (1398 turns).

robertstho the Ruffian (Troll Berserker)            Turns: 1398, Time: 00:01:48

Health: 0/36       AC:  4    Str: 25    XL:     3   Next: 91%
Magic:  11/11      EV: 10    Int:  4    God:    Trog [**....]
Gold:   115        SH:  0    Dex:  9    Spells: 2/2 levels left

rFire    . . .     SeeInvis .     - Unarmed
rCold    . . .     Faith    .   (no shield)
rNeg     . . .     Spirit   .   a - +0 animal skin
rPois    +         Reflect  .   (helmet restricted)
rElec    .         Harm     .   (no cloak)
rCorr    .         Rampage  .   (gloves unavailable)
Will     .....                  (boots unavailable)
Stlth    +.........             (no amulet)
HPRegen  1.12/turn              e - ring of magical power
MPRegen  0.12/turn              h - ring of poison resistance

@: confused, ambrosia-drunk
A: large, unfitting armour, claws 3, regeneration 1, shaggy fur 1, tough skin 1
a: Renounce Religion, Berserk, Trog's Hand


You were on level 3 of the Dungeon.
You worshipped Trog.
Trog was pleased with you.
You visited 1 branch of the dungeon, and saw 3 of its levels.

You collected 115 gold pieces.

Inventory:

Armour
 a - a +0 animal skin (worn)
Jewellery
 e - a ring of magical power (left claw)
 h - a ring of poison resistance (right claw)
Scrolls
 b - a scroll of vulnerability {unknown}
 g - 2 scrolls of teleportation {unknown}
 i - a scroll of enchant armour {unknown}
Potions
 c - a potion of attraction
 f - a potion of cancellation


   Skills:
 * Level 2.9 Fighting
 + Level 2.8 Dodging
 + Level 0.1 Stealth
 * Level 4.0 Unarmed Combat


You had 2 spell levels left.
You didn't know any spells.
Your spell library was empty.

Dungeon Overview and Level Annotations

Branches:
Dungeon (3/15)

Altars:


Innate Abilities, Weirdness & Mutations

You are too large for most types of armour.
You have claws for hands.
Your natural rate of healing is unusually fast.
You are covered in fur. (AC +1)
You have tough skin. (AC +1)


Message History

A frilled lizard comes into view.
The orc priest barely misses you.
The frilled lizard is pulled toward you!
You barely miss the orc priest.
The frilled lizard hisses angrily.
The rat closely misses you. The orc hits you with a +0 dagger.
* * * LOW HITPOINT WARNING * * *
The orc closely misses you. The orc priest barely misses you.
It was a potion of cancellation.
Your magical effects are unravelling.
You feel magically purged. The rat bites you.
* * * LOW HITPOINT WARNING * * *
The orc closely misses you. The orc barely misses you.
The orc priest hits you but does no damage.
You feel less attractive to monsters.
It was a potion of ambrosia.
You are confused.
You feel invigorated. The rat barely misses you.
The orc hits you with a +0 dagger.
* * * LOW HITPOINT WARNING * * *
The orc misses you.
The orc priest hits you with a +0 hand axe.
* * * LOW HITPOINT WARNING * * *
You miss the orc priest. Your claw misses the orc priest. The rat bites you.
The orc hits you with a +0 dagger.
* * * LOW HITPOINT WARNING * * *
The orc closely misses you.
The orc priest miscasts a cantrip.
You're too confused to move!
The rat bites you but does no damage. The orc hits you with a +0 dagger.
* * * LOW HITPOINT WARNING * * *
The orc closely misses you.
The orc priest hits you with a +0 hand axe!
* * * LOW HITPOINT WARNING * * *
You scratch the orc priest.
The orc priest is moderately wounded.
The rat barely misses you. The orc hits you with a +0 dagger.
* * * LOW HITPOINT WARNING * * *
The orc hits you with a +0 mace.
You die...

##.. #... ..
..... #+#.. #...
#.#.# #.
+....#.#.# ..
#....#.#.# .#
#...loo#.###.###
#...#o@#........
......r......>#
...#........#.#
. #........#.#
#......#.#.#
#......#.#.#
#......#.#.###
#.[..........#.#
#........#..##.#


You could see an orc priest, 2 orcs, a frilled lizard and a rat.

Vanquished Creatures
  An adder (D:2)
  A worm (D:2)
  2 orcs
  4 bats
  4 endoplasms
  A giant cockroach (D:3)
  4 goblins
  3 hobgoblins (D:1)
  4 jackals (D:1)
  3 quokkas
  3 ball pythons
  A frilled lizard (D:2)
  8 kobolds
  6 rats
45 creatures vanquished.

Notes
Turn   | Place    | Note
-------+----------+-------------------------------------------
     0 | D:1      | robertstho the Troll Berserker began the quest for the Orb.
     0 | D:1      | Reached XP level 1. HP: 22/22 MP: 0/0
   113 | D:1      | Reached XP level 2. HP: 29/29 MP: 1/1
   441 | D:1      | Reached ** piety under Trog
   761 | D:2      | Reached XP level 3. HP: 33/36 MP: 2/2
  1374 | D:3      | Reached skill level 4 in Unarmed Combat
  1397 | D:3      | HP: 1/36 [orc priest/+0 hand axe (8)]
  1398 | D:3      | Slain by an orc

Illustrated notes

Levels and vault maps discovered:
D:1:      amcnicky_arrival_underground_garden, layout_basic
D:2:      layout_basic
D:3:      layout_basic, jmf_multi_god_temple, uniq_grinder

Skill      XL: |  1  2  3 |
---------------+----------+-----
Unarmed Combat | 4 |  4.0
Fighting       | |  2.9
Dodging        | |  2.8
Stealth        | |  0.1

Action                   || total
-------------------------++-------
Melee: Unarmed           ||   100
       Punch             ||     1
  Use: Potion            ||     3
Armor: Animal skin       ||    30
Dodge: Dodged            ||    47

Table legend: (Time is in decaauts)
 A = Elapsed time spent in this place.
 B = Non-inter-level travel time spent in this place.
 C = Inter-level travel time spent in this place.
 D = Time resting spent in this place.
 E = Time spent auto-exploring this place.
 F = Levels seen in this place.
 G = Mean time per level.
                   A        B        C        D        E       F      G
               +--------+--------+--------+--------+--------+-----+--------+
         Total |   1389 |   1342 |     47 |      0 |   1122 |   3 |  463.0 |
       Dungeon |   1389 |   1342 |     47 |      0 |   1122 |   3 |  463.0 |
               +--------+--------+--------+--------+--------+-----+--------+

Top non-repeatable levels by time:
     D:1: 692 daAuts
     D:2: 645 daAuts
     D:3: 51 daAuts
